 Dungeon Crawl Stone Soup version 0.20-a0-1089-g3fde505 (webtiles) character file.

18989 JeffiDaFish the Blocker (level 12, -7/78 HPs)
             Began as a Gargoyle Fighter on May 3, 2017.
             Was a High Priest of Okawaru.
             Killed by divine providence
             ... invoked by a smoke demon
              (11 damage)
             ... on level 3 of the Abyss.
             The game lasted 00:34:06 (11521 turns).

JeffiDaFish the Blocker (Gargoyle Fighter)         Turns: 11521, Time: 00:34:07

Health: -7/78      AC: 19    Str: 22    XL:     12   Next: 64%
Magic:  12/12      EV:  7    Int:  8    God:    Okawaru [*****.]
Gold:   552        SH: 22    Dex: 15    Spells: 11/11 levels left

rFire    . . .     SeeInvis .   D - +8 whip "Snakebite" {curare, rPois}
rCold    + . .     Gourm    .   l - +0 large shield
rNeg     + . .     Faith    .   u - +0 plate armour
rPois    ∞         Spirit   .   m - +0 helmet
rElec    +         Reflect  +   q - +0 cloak
rCorr    .         Harm     .   r - +2 pair of gloves
MR       +....                  k - +0 pair of boots
Stlth    ..........             o - +3 amulet of reflection
Regen    0.3/turn               d - ring of protection from magic
MPRegen  0.2/turn               x - ring of protection from cold

@: corroded
A: rugged brown scales 1, agile 1, negative energy resistance 1, sense
surroundings 1, electricity resistance, unbreathing, petrification resistance,
rot immunity, AC +8
a: Heroism, Finesse, Renounce Religion


You were on level 3 of the Abyss.
You worshipped Okawaru.
Okawaru was extremely pleased with you.
You were very hungry.

You visited 3 branches of the dungeon, and saw 13 of its levels.
You visited the Abyss 1 time.
You also visited: Ossuary.

You collected 682 gold pieces.
You spent 130 gold pieces at shops.

Inventory:

Hand Weapons
 h - a +1 flail of protection
 D - the +8 whip "Snakebite" (weapon) {curare, rPois}
   (You acquired it on level 2 of the Lair of Beasts)

   It poisons the flesh of those it strikes.
   It protects you from poison.
Armour
 k - a +0 pair of boots (worn)
 l - a +0 large shield (worn)
 m - a +0 helmet (worn)
 q - a +0 cloak (worn)
 r - a +2 pair of gloves (worn)
 u - a +0 plate armour (worn)
Jewellery
 d - a ring of protection from magic (left hand)
 o - a +3 amulet of reflection (around neck)
 x - a ring of protection from cold (right hand)
Wands
 v - a wand of paralysis (20/24)
Scrolls
 b - 9 scrolls of identify
 c - a scroll of fear
 i - 3 scrolls of amnesia
 p - 3 scrolls of remove curse
 t - a scroll of blinking
 z - a scroll of magic mapping
 A - a scroll of recharging
Potions
 a - a potion of flight
 e - a potion of brilliance
Books
 C - a book of Necromancy

   Spells                             Type                      Level
   a - Pain                           Necromancy                   1
   b - Animate Skeleton               Necromancy                   1
   c - Vampiric Draining              Necromancy                   3
   d - Regeneration                   Charms/Necromancy            3
   e - Animate Dead                   Necromancy                   4
   f - Control Undead                 Necromancy                   4
Comestibles
 f - 7 bread rations
 g - 9 meat rations
 j - 6 royal jellies
 w - 10 fruits


   Skills:
 + Level 9.5 Fighting
 + Level 11.9 Maces & Flails
 + Level 8.6 Armour
 + Level 6.3 Dodging
 + Level 0.8 Stealth
 + Level 12.8 Shields


You had 11 spell levels left.
You didn't know any spells.

Dungeon Overview and Level Annotations

Branches:
Dungeon (10/15)            Temple (1/1) D:4            Lair (2/6) D:10
 Spider (0/4) Lair:2          Orc (0/2) D:9
  Swamp: Lair:2-4    Shoals: Lair:2-4

Altars:
Ashenzari
Cheibriados
Fedhas
Gozag
Hepliaklqana
Makhleb
Okawaru
Qazlal
Sif Muna
Trog
Uskayaw
Wu Jian
Yredelemnul
Zin
The Shining One
Beogh

Shops:
D:6 *   D:9 %[

Annotations:
D:5 2 runed doors
Lair:1 exclusion: 2 oklob plants


Innate Abilities, Weirdness & Mutations

You are resistant to torment.
Your stone body is resilient. (AC +8)
You are immune to poison.
You resist negative energy. (rN+)
You are resistant to electric shocks. (rElec)
You can survive without breathing.
You are immune to petrification.
You are immune to rotting.
You are partially covered in rugged brown scales. (AC +1, +3% HP)
You are agile. (Dex +2)
You passively map a small area around you.


Message History

You block the smoke demon's attack.
Aiming: Paralyse (will waste charges)
Press: ? - help, Shift-Dir - straight line, f - thrashing horror
Aim: a thrashing horror (chance to defeat MR: 15%)
The thrashing horror resists with almost no effort.
Evoking this partially-identified wand wasted a few charges.
You block the thrashing horror's attack. x2
The smoke demon barely misses you. You block the smoke demon's attack. x2
Aiming: Paralyse (will waste charges)
Press: ? - help, Shift-Dir - straight line, f/p - thrashing horror
Aim: a thrashing horror (chance to defeat MR: 15%)
The thrashing horror resists with almost no effort.
Evoking this partially-identified wand wasted a few charges.
The thrashing horror tramples you but does no damage.
The thrashing horror tramples you.
* * * LOW HITPOINT WARNING * * *
You hold your ground!
The smoke demon gestures at you. Something smites you!
You die...

# # ..
### #
..
#@##5
...
#3X3#
.
#3X###
####


You could see a sun demon, 2 thrashing horrors, a smoke demon and a ynoxinul.

Vanquished Creatures
  The ghost of Bolverk the Spear-Bearer, a journeyman CeGl of Hepliaklqana (D:9)
  3 two-headed ogres
  A thrashing horror (Abyss:3)
  A worldbinder (Abyss:3)
  2 centaur zombies (D:10)
  A rust devil (Abyss:3)
  An apocalypse crab (Abyss:3)
  A spiny frog (Lair:1)
  A torpor snail (Lair:1)
  An ice devil (Abyss:3)
  An ancient zyme (Abyss:3)
  A polar bear (Lair:2)
  3 trolls
  A hornet (Lair:2)
  Grinder (D:3)
  3 raiju (Abyss:3)
  4 hogs (D:7)
  10 yaks (Lair:1)
  A human (D:7)
  A hungry ghost (D:8)
  A basilisk (Lair:2)
  Edmund (D:4)
  A water moccasin (Lair:1)
  A small abomination (Abyss:3)
  3 large abominations (Abyss:3)
  2 porcupines (Lair:1)
  4 orc warriors
  3 necrophages
  A hornet zombie (D:10)
  3 ice beasts
  3 centaurs
  7 ogres
  3 crocodiles
  4 bullfrogs
  A wyvern zombie (D:6)
  8 killer bees (D:10)
  4 scorpions
  3 wights (D:9)
  The ghost of smeego the Firebug, a weakling GnFE (D:4)
  2 howler monkeys (D:7)
  2 crimson imps (D:8)
  A bullfrog zombie (D:5)
  2 bullfrog skeletons (D:5)
  A jelly (D:10)
  7 orc priests
  2 hounds
  3 centaur skeletons
  Terence (D:3)
  An iguana (D:9)
  Natasha (thrice) (D:3 D:5)
  11 orc wizards
  12 worker ants
  A big kobold zombie (Ossuary)
  A tengu zombie (Abyss:3)
  2 hound zombies
  A hound skeleton (D:10)
  4 mummies (Ossuary)
  2 howler monkey zombies (D:5)
  2 worker ant zombies
  Robin (D:3)
  8 adders
  4 gnolls (D:2)
  2 river rats (D:5)
  5 shadow imps
  An adder skeleton (D:9)
  5 worms
  3 dart slugs
  7 leopard geckos
  45 orcs
  2 ball pythons (D:5)
  8 bats
  7 giant cockroaches
  14 goblins
  7 hobgoblins
  9 jackals
  8 kobolds
  3 quokkas
  8 frilled lizards
  3 goblin zombies (Ossuary)
  A hobgoblin zombie (Ossuary)
  2 kobold zombies (Ossuary)
  A leopard gecko zombie (D:5)
  An orc zombie (Ossuary)
  2 quokka skeletons
  A quokka zombie (D:6)
  10 rats
322 creatures vanquished.

Vanquished Creatures (others)
  A centaur zombie (D:10)
  A torpor snail (Lair:1)
  A hippogriff (Lair:1)
  2 yaks (Lair:1)
  A golden eye (Abyss:3)
  A water moccasin (Lair:1)
  A black bear (D:10)
  A centaur (D:10)
  A bullfrog (Lair:1)
  A wyvern skeleton (D:10)
  2 killer bees (D:10)
  A worm (D:4)
  An orc (D:10)
  A plant (Lair:1)
  A starspawn tentacle (Abyss:3)
17 creatures vanquished.

Grand Total: 339 creatures vanquished

Notes
Turn   | Place    | Note
-------+----------+-------------------------------------------
     0 | D:1      | JeffiDaFish the Gargoyle Fighter began the quest for the Orb.
     0 | D:1      | Reached XP level 1. HP: 14/14 MP: 1/1
   173 | D:1      | Reached XP level 2. HP: 19/19 MP: 2/2
   681 | D:1      | Reached XP level 3. HP: 20/23 MP: 3/3
   937 | D:2      | Reached skill level 4 in Shields
   937 | D:2      | HP: 1/23 [gnoll/spear (3)]
   952 | D:2      | Reached XP level 4. HP: 22/29 MP: 4/4
  1121 | D:2      | Found a glowing golden altar of the Shining One.
  1303 | D:2      | Found a shattered altar of Ashenzari.
  1303 | D:2      | Found an ornate altar of the Wu Jian Council.
  1539 | D:3      | Noticed Natasha
  1551 | D:3      | Killed Natasha
  1551 | D:3      | Reached XP level 5. HP: 5/33 MP: 5/5
  1855 | D:3      | Noticed Robin
  1882 | D:3      | Killed Robin
  1882 | D:3      | Reached skill level 1 in Dodging
  2485 | D:3      | Noticed Grinder
  2495 | D:3      | Paralysed by Grinder for 7 turns
  2506 | D:3      | Killed Grinder
  2506 | D:3      | Reached skill level 5 in Shields
  2506 | D:3      | Reached XP level 6. HP: 38/38 MP: 6/6
  2711 | D:3      | Noticed Terence
  2741 | D:3      | Killed Terence
  2803 | D:3      | Reached XP level 7. HP: 42/43 MP: 7/7
  3110 | D:4      | Reached skill level 5 in Maces & Flails
  3251 | D:4      | Found a staircase to the Ecumenical Temple.
  3290 | D:4      | Noticed smeego's ghost (weakling GnFE)
  3306 | D:4      | Killed smeego's ghost
  3321 | D:4      | Found a sand-covered staircase.
  3329 | Ossuary  | Entered an ossuary
  3350 | Ossuary  | Gained mutation: You are agile. (Dex +2) [potion of mutation]
  3350 | Ossuary  | Gained mutation: You passively map a small area around you. [potion of mutation]
  3350 | Ossuary  | Gained mutation: You are partially covered in rugged brown scales. (AC +1, +3% HP) [potion of mutation]
  3828 | Temple   | Entered the Ecumenical Temple
  3897 | Temple   | Became a worshipper of Warmaster Okawaru
  4053 | D:4      | Reached XP level 8. HP: 49/49 MP: 8/8
  4118 | D:4      | Noticed Edmund
  4137 | D:4      | Killed Edmund
  4244 | D:4      | Found a hazy altar of Hepliaklqana.
  4505 | D:5      | Entered Level 5 of the Dungeon
  4505 | D:5      | Found a large runed door.
  4512 | D:5      | Noticed Natasha
  4525 | D:5      | Killed Natasha
  4571 | D:5      | Reached skill level 5 in Fighting
  4636 | D:5      | Noticed Natasha
  4644 | D:5      | Killed Natasha
  4689 | D:5      | Reached * piety under Okawaru
  4706 | D:5      | Reached skill level 6 in Shields
  4853 | D:5      | Found a large runed door.
  4877 | D:5      | Noticed a troll
  4902 | D:5      | Killed a troll
  4940 | D:5      | Reached skill level 5 in Armour
  4970 | D:5      | Found a large runed door.
  4970 | D:5      | Found a large runed door.
  4981 | D:5      | Reached XP level 9. HP: 36/56 MP: 9/9
  5417 | D:5      | Reached ** piety under Okawaru
  5447 | D:5      | Reached skill level 8 in Shields
  5447 | D:5      | Reached XP level 10. HP: 65/65 MP: 10/10
  5917 | D:6      | Found Doexugor's Elemental Accessories.
  5944 | D:6      | Found a hide-covered altar of Uskayaw.
  6648 | D:7      | Noticed a two-headed ogre
  6649 | D:7      | Reached skill level 9 in Shields
  6663 | D:7      | Killed a two-headed ogre
  6663 | D:7      | Reached *** piety under Okawaru
  6728 | D:7      | Found a basalt altar of Yredelemnul.
  6914 | D:7      | Reached skill level 10 in Maces & Flails
  7171 | D:8      | Noticed a two-headed ogre
  7180 | D:8      | Killed a two-headed ogre
  7180 | D:8      | Reached **** piety under Okawaru
  7180 | D:8      | Reached XP level 11. HP: 65/71 MP: 11/11
  7673 | D:8      | Reached skill level 10 in Shields
  7839 | D:8      | Found a hide-covered altar of Uskayaw.
  7839 | D:8      | Found a glowing silver altar of Zin.
  7839 | D:8      | Found an opulent altar of Gozag.
  7841 | D:8      | Found a blossoming altar of Fedhas.
  7842 | D:8      | Found a stormy altar of Qazlal.
  8010 | D:9      | Found Syshruosegg's Armour Emporium.
  8059 | D:9      | Noticed Bolverk's ghost (journeyman CeGl)
  8143 | D:9      | Killed Bolverk's ghost
  8230 | D:9      | Found a roughly hewn altar of Beogh.
  8230 | D:9      | Found a staircase to the Orcish Mines.
  8364 | D:9      | Reached ***** piety under Okawaru
  8487 | D:9      | Found Girol's Antique Armour Emporium.
  8495 | D:9      | Bought a pair of boots for 130 gold pieces
  8641 | D:9      | Found Yhyla's Food Boutique.
  8681 | D:9      | Noticed a two-headed ogre
  8691 | D:9      | Killed a two-headed ogre
  8691 | D:9      | Received a gift from Okawaru
  8694 | D:9      | Got a crystal flail {god gift}
  8695 | D:9      | Identified the +7 flail "Oqerip" {distort, rF- Str+2 Int+2} (Okawaru gifted it to you on level 9 of the Dungeon)
  8995 | D:10     | Entered Level 10 of the Dungeon
  9106 | D:10     | Reached skill level 11 in Shields
  9407 | D:10     | Found a staircase to the Lair.
  9720 | Lair:1   | Entered Level 1 of the Lair of Beasts
  9973 | Lair:1   | Noticed an oklob plant
  9973 | Lair:1   | Noticed an oklob plant
 10050 | Lair:1   | Reached XP level 12. HP: 63/78 MP: 12/12
 10328 | Lair:1   | Found a snail-covered altar of Cheibriados.
 10766 | Lair:2   | Reached skill level 12 in Shields
 10824 | Lair:2   | Received a gift from Okawaru
 10833 | Lair:2   | Found a hole to the Spider Nest.
 10866 | Lair:2   | Identified a scroll of acquirement
 10868 | Lair:2   | Cast into level 3 of the Abyss (a distortion unwield)
 10939 | Abyss:3  | Noticed an Executioner
 10942 | Abyss:3  | Noticed a tentacled starspawn
 10998 | Abyss:3  | Noticed an ironheart preserver
 11224 | Abyss:3  | Noticed a bone dragon
 11478 | Abyss:3  | Noticed a thrashing horror
 11478 | Abyss:3  | Noticed a thrashing horror
 11480 | Abyss:3  | Noticed a thrashing horror
 11487 | Abyss:3  | Killed a thrashing horror
 11519 | Abyss:3  | Noticed a sun demon
 11521 | Abyss:3  | Killed from afar by a smoke demon

Vault maps used:
D:1:      kennysheep_arrival_seaside
D:2:      gammafunk_temple_overflow_statue, nicolae_tso_carved_into_rock
D:3:      uniq_grinder, uniq_natasha, uniq_robin, uniq_terence
D:4:      minmay_door_path, lemuel_doored_altar, lemuel_temple_firewalk_b,
          nicolae_ossuary_entry_monument, minmay_cut_off, uniq_edmund
D:5:      first_bread, portal_sewer_entry_e, minmay_hollow_rounded_squares
D:6:      basic_altar, nicolae_elemental_shop
D:7:      yredelemnul_altar_generic, grunt_livestock
D:8:      minitemple
D:9:      david_orc_5, serial_shops, nicolae_shop_crystal, shop, shop
D:10:     cheibrodos_grave_circle, lair_entry_dummy
Temple:   nicolae_temple_figure_eight
Lair:1:   kennysheep_snail_temple, grunt_megastairs_3, minmay_lair_oklob_chamber
Lair:2:   nicolae_spider_entry_non_spiders, special_room,
          grunt_forest_small_clearings
Abyss:3:  evilmike_abyss_rune_tso_outpost, evilmike_abyss_exit_chaos
Ossuary:  ossuary_crypta

Skill      XL: |  1  2  3  4  5  6  7  8  9 10 11 12 |
---------------+-------------------------------------+-----
Shields        | 4 5 6 8 9 11 12 | 12.8
Maces & Flails | 3 4 6 7 9 10 11 | 11.9
Dodging        | 1 2 6 |  6.3
Armour         | 4 5 7 8 |  8.6
Fighting       | 4 5 7 8 9 |  9.5
Stealth        | |  0.8

Action                   |  1- 3 |  4- 6 |  7- 9 | 10-12 || total
-------------------------+-------+-------+-------+-------++-------
Melee: Flail             |   129 |   225 |   347 |   817 ||  1518
       Whip              |       |       |       |   209 ||   209
Evoke: Wand              |       |       |       |     2 ||     2
  Use: Scroll            |     2 |     7 |     7 |     8 ||    24
       Potion            |     3 |     4 |    15 |     3 ||    25
  Eat: Chunk             |       |     6 |    10 |    20 ||    36
       Royal jelly       |       |       |       |     1 ||     1
Armor: Scale mail        |    69 |   112 |    34 |       ||   215
       Chain mail        |       |       |    97 |    52 ||   149
       Plate armour      |       |       |       |   461 ||   461
Dodge: Dodged            |    55 |    59 |    51 |   206 ||   371
Block: Shield            |    80 |   149 |   196 |   621 ||  1046
       Reflection        |       |       |     1 |    22 ||    23
       Large shield      |       |       |       |   368 ||   368
